 Dungeon Crawl Stone Soup version 0.29-a0-504-gec6baf379c (webtiles) character file.

Game seed: 10193166251454779606

5 Morbidden the Vexing (level 1, 0/14 HPs)
             Began as a Demigod Enchanter on May 28, 2022.
             Slain by a kobold
             ... wielding a +0 whip
              (4 damage)
             ... on level 1 of the Dungeon.
             The game lasted 00:00:10 (42 turns).

Morbidden the Vexing (Demigod Enchanter)              Turns: 42, Time: 00:00:11

Health: 0/14       AC:  2    Str:  9    XL:     1   Next: 53%
Magic:  5/5        EV: 12    Int: 17    God:
Gold:   0          SH:  0    Dex: 14    Spells: 3/3 levels left

rFire   . . .      SeeInvis .   a - +1 dagger
rCold   . . .      Faith    .   (no shield)
rNeg    . . .      Spirit   .   b - +0 robe
rPois   .          Reflect  .   (no helmet)
rElec   .          Harm     .   (no cloak)
rCorr   .          Rampage  .   (no gloves)
Will    .....                   (no boots)
Stlth   ++........              (no amulet)
HPRegen 0.04/turn               (no ring)
MPRegen 0.09/turn               (no ring)

@: no status effects
A: high MP 1, forlorn, divine attributes
a: no special abilities


You were on level 1 of the Dungeon.
You visited 1 branch of the dungeon, and saw 1 of its levels.

Inventory:

Hand Weapons
 a - a +1 dagger (weapon)
Armour
 b - a +0 robe (worn)
Scrolls
 d - a scroll of noise {unknown}
Potions
 c - 2 potions of invisibility


   Skills:
 * Level 0.1 Fighting
 * Level 1.0 Short Blades
 * Level 0.1 Armour
 * Level 1.8 Dodging
 + Level 2.8 Stealth
 * Level 1.8 Spellcasting
 * Level 2.8 Hexes


You had 3 spell levels left.
You didn't know any spells.
Your spell library contained the following spells:

 Spells                   Type           Power      Damage    Failure   Level
 Ensorcelled Hibernation  Hex/Ice        12%        N/A       17%         2
 Confusing Touch          Hex            11%        N/A       19%         3
 Tukima's Dance           Hex            11%        N/A       19%         3
 Dazzling Flash           Conj/Hex       12%        N/A       32%         3


Dungeon Overview and Level Annotations

Branches:
Dungeon (1/15)


Innate Abilities, Weirdness & Mutations

You have an increased reservoir of magic. (+10% MP)
You shall have no god before yourself.
Your divine heritage dramatically boosts your attributes as you level up.


Message History

There are monsters nearby!
You hit the dart slug.
The dart slug is moderately wounded.
The dart slug bites you but does no damage.
Unknown command.
You hit the dart slug.
The dart slug is almost dead.
The kobold throws a stone.
The stone barely misses you.
A kobold comes into view. It is wielding a +0 short sword.
Unknown command.
The kobold shouts!
You hit the dart slug but do no damage.
The dart slug is almost dead.
The kobold throws a stone.
The stone misses you. The dart slug launches a dart at you.
The slug dart hits you.
The dart slug bites you but does no damage.
You hit the dart slug.
You kill the dart slug!
The rat bites you. The dart slug launches a dart at you.
The slug dart hits you.
* * * LOW HITPOINT WARNING * * *
Unknown command.
The rat misses you.
You see here a hobgoblin corpse.
Unknown command.
You hit the rat.
The rat is heavily wounded.
The rat closely misses you.
You hit the rat.
You kill the rat!
The kobold throws a stone.
The stone barely misses you.
You swing at nothing.
A ball python comes into view.
The ball python hisses angrily.
You hit the kobold.
The kobold is severely wounded.
The kobold hits you with a +0 whip.
You die...

... ..# #........ ..###.#
#........ #.....# #.......
#.....# #.....# #.....#
#.....#
#.....###+#.....###
###...†.##..........#
.......w##..........######
.......KK@..........†.....
.......##########.........
...S... #......... .......
#......... ......#
#......... ......
##.####### ...... #.# #...
#. #..## #+#


You could see a dart slug, a ball python and 2 kobolds.

Vanquished Creatures
  A dart slug (D:1)
  A hobgoblin (D:1)
  2 rats (D:1)
4 creatures vanquished.

Notes
Turn   | Place    | Note
-------+----------+-------------------------------------------
     0 | D:1      | Morbidden the Demigod Enchanter began the quest for the
                  | Orb.
     0 | D:1      | Reached XP level 1. HP: 14/14 MP: 5/5
    15 | D:1      | Reached skill level 1 in Short Blades
    42 | D:1      | Slain by a kobold

Illustrated notes

Levels and vault maps discovered:
D:1:      dpeg_arrival_pits, layout_basic, hellmonk_ecumenical_altar_lost_god

Skill      XL: |  1 |
---------------+----+-----
Short Blades   | 1 |  1.0
Fighting       | |  0.1
Armour         | |  0.1
Dodging        | |  1.8
Stealth        | |  2.8
Spellcasting   | |  1.8
Hexes          | |  2.8

Action                   || total
-------------------------++-------
Melee: Dagger            ||    10
 Stab: Sleeping          ||     1
Armor: Robe              ||     3
Dodge: Dodged            ||     8

Table legend: (Time is in decaauts)
 A = Elapsed time spent in this place.
 B = Non-inter-level travel time spent in this place.
 C = Inter-level travel time spent in this place.
 D = Time resting spent in this place.
 E = Time spent auto-exploring this place.
 F = Levels seen in this place.
 G = Mean time per level.
                   A        B        C        D        E       F      G
               +--------+--------+--------+--------+--------+-----+--------+
         Total |     41 |     41 |      0 |      0 |     16 |   1 |   41.0 |
       Dungeon |     41 |     41 |      0 |      0 |     16 |   1 |   41.0 |
               +--------+--------+--------+--------+--------+-----+--------+

Top non-repeatable levels by time:
     D:1: 41 daAuts
